 Dungeon Crawl Stone Soup version 0.24-a0-439-g6dd8730de2 (webtiles) character file.

Game seed: 6552034844543855656

26991 mhoghedin the Nimble (level 13, -4/98 HPs)
             Began as a Kobold Wizard on June 18, 2019.
             Was an Elder of Ashenzari.
             Slain by a six-headed hydra (12 damage)
             ... on level 4 of the Lair of Beasts.
             The game lasted 00:34:55 (13344 turns).

mhoghedin the Nimble (Kobold Wizard)               Turns: 13344, Time: 00:34:55

Health: -4/98      AC: 10    Str: 10    XL:     13   Next: 62%
Magic:  11/18      EV: 24    Int: 24    God:    Ashenzari [****..]
Gold:   745        SH:  0    Dex: 15    Spells: 3/19 levels left

rFire    . . .     SeeInvis +   y - +7 captain's cutlass {speed, disarm} (curse)
rCold    . . .     Gourm    .   (shield restricted)
rNeg     . . .     Faith    .   I - +2 leather armour {MR+} (curse)
rPois    .         Spirit   .   b - +0 hat
rElec    .         Reflect  .   B - +0 cloak
rCorr    .         Harm     .   (no gloves)
MR       ++...     Clarity  +   p - +2 pair of boots (curse)
Stlth    ++++......             (no amulet)
HPRegen  1.66/turn              u - ring of protection from magic {MR+, !d}
MPRegen  0.16/turn              E - ring "Naesuago" {Str+5 Int+2} (curse)

@: regenerating
A: small, rugged brown scales 1, carnivore, regeneration 1, robust 1, screaming
1
a: Curse Item, Scrying, Renounce Religion


You were on level 4 of the Lair of Beasts.
You worshipped Ashenzari.
Ashenzari was greatly pleased with you.
You were not hungry.

You visited 2 branches of the dungeon, and saw 12 of its levels.
You also visited: Ice Cave.

You collected 906 gold pieces.
You spent 161 gold pieces at shops.

Inventory:

Hand Weapons
 y - the cursed +7 captain's cutlass (weapon) {speed, disarm}
   (You found it on level 4 of the Dungeon)

   Attacks with this weapon are significantly faster.
   It has a curse placed upon it.
Missiles
 x - 5 throwing nets {=f, !d}
Armour
 b - a +0 hat (worn)
 p - a cursed +2 pair of boots (worn)
   (You found it on level 3 of the Dungeon)
 B - a +0 cloak (worn)
   (You found it on level 5 of the Dungeon)
 I - a cursed +2 leather armour of magic resistance (worn)
   (You took it off Joseph on level 8 of the Dungeon)
 L - a +2 robe of cold resistance
   (You found it on level 2 of the Lair of Beasts)
Jewellery
 j - an uncursed amulet of faith {Faith, !P}
   (You found it on level 3 of the Lair of Beasts)
 u - a ring of protection from magic (left hand) {MR+, !d}
   (You found it on level 3 of the Dungeon)
 v - an uncursed ring of ice {rC+, rF-}
   (You found it on level 3 of the Dungeon)
 z - an uncursed ring of wizardry {Wiz+, !d}
   (You found it on level 4 of the Dungeon)
 E - the cursed ring "Naesuago" (right hand) {Str+5 Int+2}
   (You found it on level 7 of the Dungeon)

   [ring of strength]

   It affects your strength (+5).
   It affects your intelligence (+2).
   It has a curse placed upon it.
Wands
 F - a wand of random effects (19)
   (You found it on level 8 of the Dungeon)
 G - a wand of flame (36)
   (You took it off Joseph on level 8 of the Dungeon)
 H - a wand of iceblast (5)
   (You found it on level 7 of the Dungeon)
 M - a wand of digging (7)
   (You found it on level 3 of the Lair of Beasts)
Scrolls
 c - 4 scrolls of blinking {!r}
 f - 6 scrolls of remove curse
 g - a scroll of holy word {unknown}
 h - 8 scrolls of teleportation
 i - 2 scrolls of fear {unknown}
 l - 2 scrolls of enchant armour {unknown}
 n - 3 scrolls of amnesia
 o - 2 scrolls of fog {unknown}
 r - 3 scrolls of immolation {unknown}
 t - 4 scrolls of enchant weapon {unknown}
 A - a scroll of random uselessness {unknown}
 C - a scroll of torment {unknown}
 J - a scroll of noise {unknown}
Potions
 e - a potion of haste
 k - a potion of berserk rage {!q}
 m - 6 potions of curing
 q - a potion of cancellation
 s - 8 potions of flight
 w - 7 potions of mutation {!q}
 D - 2 potions of brilliance
 K - 2 potions of agility
 N - a potion of heal wounds
Miscellaneous
 O - a phial of floods (inert)
   (You found it on level 4 of the Lair of Beasts)
Comestibles
 d - 33 rations


   Skills:
 + Level 12.4 Fighting
 - Level 12.1(15.2) Short Blades
 + Level 13.5 Dodging
 - Level 10.1 Stealth
 - Level 3.6 Spellcasting
 - Level 4.1 Conjurations
 - Level 4.0 Charms
 - Level 2.3 Summonings
 - Level 4.8 Necromancy
 - Level 2.4 Translocations
 - Level 2.1 Fire Magic
 - Level 2.5 Air Magic
 - Level 2.6 Poison Magic


You had 3 spell levels left.
You knew the following spells:

 Your Spells              Type           Power        Failure   Level  Hunger
a - Magic Dart            Conj           ###.         2%          1    None
b - Blink                 Tloc           N/A          8%          2    #......
c - Call Imp              Summ           ###.....     8%          2    #......
d - Conjure Flame         Conj/Fire      ###.....     12%         3    ###....
r - Regeneration          Chrm/Necr      ####......   7%          3    ###....
s - Shroud of Golubria    Chrm/Tloc      ###...       5%          2    #......
x - Mephitic Cloud        Conj/Pois/Air  ###.....     12%         3    ###....

Your spell library contained the following spells:

 Spells                   Type           Power        Failure   Level  Hunger
 Infusion                 Chrm           ###.         2%          1    None
 Song of Slaying          Chrm           ###.....     4%          2    #......
 Gell's Gravitas          Tloc           ###.......   16%         3    ###....
 Lesser Beckoning         Tloc           ###.......   16%         3    ###....
 Teleport Other           Tloc           ###.....     16%         3    ###....
 Spectral Weapon          Hex/Chrm       ##......     19%         3    ###....
 Slow                     Hex            #.......     21%         2    #......
 Passage of Golubria      Tloc           N/A          45%         4    ####...


Dungeon Overview and Level Annotations

Branches:
Dungeon (8/15)             Temple (0/1) D:4            Lair (4/6) D:8
  Swamp (0/4) Lair:3        Snake (0/4) Lair:3

Altars:
Ashenzari
Hepliaklqana
Kikubaaqudgha
Okawaru
Qazlal
Vehumet
The Shining One
Jiyva

Shops:
D:4 =!***   D:5 *

Annotations:
Lair:2 3 runed translucent doors, exclusions: 3 jellies and player ghost, Ijustatesigmund's ghost, journeyman OgHu


Innate Abilities, Weirdness & Mutations

You are small and have problems with some larger weapons.
You are carnivorous and can eat meat at any time.
You are partially covered in rugged brown scales. (AC +1, +3% HP)
Your natural rate of healing is unusually fast.
You are robust. (+10% HP)
You occasionally shout uncontrollably at your foes.


Message History

Unknown command.
Okay, then.
Unknown command.
Aim the phial where?
Aim: Urug, wielding a +2 eveningstar of protection and wearing a +0 ring mail of poison resistance The torrent of water hits Urug.
Urug is knocked back by the torrent of water.
The wave splashes down.
The water rises up and takes form.
You hear a loud, deep croak!
You hear an angry hiss.
You hear a bellow!
You hear an angry hiss.
You hear a trumpeting!
You hear an angry hiss.
You hear a bellow! x3
Urug throws a silver javelin.
The silver javelin barely misses your water elemental.
The silver javelin closely misses you.
The silver javelin pierces through the plant!
Urug throws a silver javelin.
The silver javelin pierces through your water elemental!!
The silver javelin misses you.
The silver javelin pierces through the plant!
Your water elemental hits Urug.
Your water elemental engulfs Urug in water!
The mass of ice explodes!
The iceblast engulfs Urug!
Urug hits your water elemental with a +2 eveningstar of protection!!
Your water elemental is destroyed!
Okay, then.
Unknown command.
Okay, then.
Unknown command.
Okay, then.
Health restored: 98 Urug throws a silver javelin.
The silver javelin completely misses you.
The silver javelin pierces through the plant!!
The plant is destroyed!
Urug throws a silver javelin.
The silver javelin closely misses you.
You see here a silver javelin.
A six-headed hydra comes into view.
The six-headed hydra moves out of view.
You start waiting.
Urug is too close now for your liking.
You can't see any susceptible monsters within range! (Use Z to cast anyway.)
Aim: Urug, wielding a +2 eveningstar of protection and wearing a +0 ring mail of poison resistance (moderately wounded)
Okay, then.
Unknown command.
Aim: Urug, wielding a +2 eveningstar of protection and wearing a +0 ring mail of poison resistance (moderately wounded)
The mass of ice explodes!
The iceblast engulfs Urug!
You hear a roar!
Urug throws a silver javelin.
The silver javelin pierces through you! The silver sears you!
You take 14 damage, and have 84/98 hp.
Aim: Urug, wielding a +2 eveningstar of protection and wearing a +0 ring mail of poison resistance (heavily wounded)
The mass of ice explodes!
The iceblast engulfs Urug!
You hear an angry hiss. x2
Aim: Urug, wielding a +2 eveningstar of protection and wearing a +0 ring mail of poison resistance (severely wounded)
The mass of ice explodes!
The iceblast engulfs Urug!
You hear an angry hiss.
You hit Urug but do no damage. You hit Urug. You hit Urug but do no damage.
Urug closely misses you.
You closely miss Urug. You puncture Urug!
You kill Urug!
Things that are here:
a +2 eveningstar of protection; a +0 ring mail of poison resistance the orc corpse of Urug You butcher the orc corpse of Urug.
The six-headed hydra roars!
You hear an angry hiss.
Items here: % ) [ ÷ a +2 eveningstar of protection; a +0 ring mail of poison resistance 3 chunks of flesh {@w0}; the orc skeleton of Urug There isn't anything to butcher here.
The fire ignites!
You now have 15/18 mp.
Your skin crawls.
The six-headed hydra is engulfed in blazing flames.
The six-headed hydra bites you! The six-headed hydra barely misses you.
The six-headed hydra bites you!
The six-headed hydra completely misses you.
The six-headed hydra misses you. The six-headed hydra bites you.
Unknown command.
Space distorts slightly along a thin shroud covering your body.
The six-headed hydra is engulfed in blazing flames.
The six-headed hydra misses you. The six-headed hydra bites you!
Your shroud falls apart!
The six-headed hydra bites you but does no damage.
The six-headed hydra misses you. The six-headed hydra bites you.
The six-headed hydra completely misses you.
Unknown command.
You take 42 damage, and have 49/98 hp.
MASSIVE DAMAGE!!
You now have 10/18 mp.
You puncture the six-headed hydra!
The six-headed hydra is engulfed in blazing flames.
The six-headed hydra bites you! The six-headed hydra bites you.
The six-headed hydra misses you. The six-headed hydra bites you!
* * * LOW HITPOINT WARNING * * *
The six-headed hydra bites you!
* * * LOW HITPOINT WARNING * * *
The six-headed hydra bites you!
You die...

....P#.## #...#
#..###*####.#..# ,
#P.## ##≈≈....# ,,
, ##..###.≈≈≈####
** ,
#...##..<≈{### * ,
.....†...(.≈P# *
#..#..##≈.#.[#####
**
#...####.##..(...#
* , .†.##
#..###(###@# , *
...#, ##.# ###
#D## ^..., ..#
*#..#*,, ...#*
,..# #...#, { ...#
,$P.#* #..(#*,
$#.. ,, ##.##*
.### * * * *P..,
,* , **... , , #..
,, , ,


You could see a six-headed hydra.

Vanquished Creatures
  A frost giant (IceCv)
  3 hydras (Lair:3)
  Harold (D:8)
  2 two-headed ogres
  Erica (D:8)
  Urug (Lair:4)
  An oklob plant (Lair:3)
  2 ice statues (IceCv)
  A black mamba (Lair:3)
  Joseph (D:8)
  6 spiny frogs
  3 komodo dragons
  2 ice devils (Lair:2)
  A queen bee (D:8)
  A tyrant leech (Lair:3)
  16 polar bears
  4 blink frogs
  3 hippogriffs
  3 basilisks
  8 yaks (IceCv)
  3 swamp worms (Lair:3)
  5 water moccasins
  5 porcupines
  2 ice beasts (D:7)
  A phantom (D:7)
  2 ogres
  9 wolves (IceCv)
  2 centaurs
  4 crocodiles
  A big kobold (D:8)
  10 bullfrogs
  A scorpion (D:7)
  13 killer bees (D:8)
  3 wights (D:7)
  An electric eel (Lair:1)
  A howler monkey (D:7)
  A bullfrog zombie (D:6)
  3 centaur zombies
  A hound (D:7)
  2 jellies
  2 orc priests
  A centaur skeleton (D:7)
  4 worker ants
  3 iguanas
  7 orc wizards
  6 hell rats (Lair:2)
  A hound skeleton (D:7)
  3 gnolls (D:5)
  9 adders
  4 river rats (Lair:2)
  2 shadow imps
  An ooze (D:2)
  3 worms
  3 dart slugs
  6 leopard geckos
  18 orcs
  5 giant cockroaches
  8 goblins
  7 hobgoblins
  9 jackals
  2 quokkas
  3 ball pythons
  9 bats
  3 frilled lizards
  15 kobolds
  A leopard gecko skeleton (D:4)
  5 rats
271 creatures vanquished.

Vanquished Creatures (collateral kills)
  An ogre (D:4)
  4 gnolls (D:4)
  An adder (D:2)
  A worm (D:2)
7 creatures vanquished.

Vanquished Creatures (others)
  A wolf (IceCv)
  4 fungi (Lair:4)
  5 plants
10 creatures vanquished.

Grand Total: 288 creatures vanquished

Notes
Turn   | Place    | Note
-------+----------+-------------------------------------------
     0 | D:1      | mhoghedin the Kobold Wizard began the quest for the Orb.
     0 | D:1      | Reached XP level 1. HP: 10/10 MP: 4/4
   179 | D:1      | Reached XP level 2. HP: 15/15 MP: 3/6
   195 | D:1      | Reached skill level 2 in Conjurations
   264 | D:1      | Learned a level 2 spell: Blink
   267 | D:1      | Learned a level 2 spell: Call Imp
   586 | D:1      | Found a shattered altar of Ashenzari.
   781 | D:1      | Became a worshipper of Ashenzari the Shackled
   854 | D:2      | Reached XP level 3. HP: 9/19 MP: 0/7
  1359 | D:2      | Learned a level 3 spell: Mephitic Cloud
  1424 | D:2      | Reached skill level 3 in Stealth
  1511 | D:2      | Reached skill level 1 in Short Blades
  1720 | D:2      | Reached XP level 4. HP: 23/24 MP: 3/8
  1805 | D:2      | HP: 4/24 [worm (12)]
  1806 | D:2      | Reached skill level 1 in Fighting
  2561 | D:3      | Reached skill level 3 in Conjurations
  3078 | D:3      | Found a faded altar of an unknown god.
  3078 | D:3      | Found an iron altar of Okawaru.
  3084 | D:3      | Found an ancient bone altar of Kikubaaqudgha.
  3087 | D:3      | Found a radiant altar of Vehumet.
  3088 | D:3      | Found a hazy altar of Hepliaklqana.
  3402 | D:4      | Reached * piety under Ashenzari
  3456 | D:4      | Reached XP level 5. HP: 29/29 MP: 4/10
  3505 | D:4      | Found the +7 captain's cutlass {speed, disarm}
  3506 | D:4      | Found Sasusyt's Assorted Antiques.
  3508 | D:4      | Noticed an ogre
  3521 | D:4      | Killed an ogre
  3521 | D:4      | Reached skill level 1 in Air Magic
  3521 | D:4      | Reached skill level 1 in Poison Magic
  3606 | D:4      | Found a staircase to the Ecumenical Temple.
  3612 | D:4      | Found Saiwoc's Distillery.
  3646 | D:4      | Reached XP level 6. HP: 18/34 MP: 4/11
  3823 | D:4      | Found Fyutecasch's Jewellery Boutique.
  3826 | D:4      | Reached skill level 2 in Short Blades
  3840 | D:4      | Reached skill level 4 in Stealth
  3844 | D:4      | Reached skill level 2 in Fighting
  3844 | D:4      | Reached skill level 3 in Dodging
  4174 | D:4      | Found Pagher's Assorted Antiques.
  4223 | D:4      | Found Yrisiugo's General Store.
  4393 | D:5      | Entered Level 5 of the Dungeon
  4480 | D:5      | Found Reisekos's Lightly-Used Armoury.
  4565 | D:5      | Reached skill level 3 in Short Blades
  4610 | D:5      | Reached XP level 7. HP: 17/40 MP: 12/12
  5274 | D:6      | Reached skill level 3 in Fighting
  5274 | D:6      | Reached skill level 5 in Stealth
  5356 | D:6      | Reached ** piety under Ashenzari
  5412 | D:6      | Reached skill level 4 in Dodging
  5535 | D:6      | Reached skill level 4 in Short Blades
  5881 | D:6      | Learned a level 3 spell: Conjure Flame
  5900 | D:7      | Reached XP level 8. HP: 46/46 MP: 13/13
  5927 | D:7      | Reached skill level 6 in Stealth
  5937 | D:7      | Reached skill level 4 in Fighting
  5937 | D:7      | Reached skill level 5 in Short Blades
  5948 | D:7      | Reached skill level 5 in Dodging
  6171 | D:7      | Noticed a hippogriff
  6186 | D:7      | HP: 12/48 [hippogriff (1)]
  6188 | D:7      | Killed a hippogriff
  6461 | D:7      | Identified the ring "Naesuago" {Str+5 Int+2}
  6524 | D:7      | Reached skill level 7 in Stealth
  6753 | D:7      | Reached skill level 6 in Short Blades
  6772 | D:7      | Reached skill level 5 in Fighting
  6772 | D:7      | Reached XP level 9. HP: 40/54 MP: 14/14
  6860 | D:7      | Reached skill level 6 in Dodging
  7275 | D:7      | Found a glowing golden altar of the Shining One.
  7309 | D:8      | Noticed Joseph
  7315 | D:8      | Killed Joseph
  7315 | D:8      | Reached skill level 7 in Short Blades
  7315 | D:8      | Reached skill level 8 in Stealth
  7324 | D:8      | Noticed a hippogriff
  7337 | D:8      | Killed a hippogriff
  7337 | D:8      | Reached skill level 6 in Fighting
  7337 | D:8      | Reached skill level 7 in Dodging
  7494 | D:4      | Bought a shimmering leather armour for 161 gold pieces
  7639 | D:8      | Noticed Harold
  7651 | D:8      | Noticed a two-headed ogre
  7668 | D:8      | Gained mutation: You are partially covered in rugged brown
                  | scales. (AC +1, +3% HP) [potion of mutation]
  7668 | D:8      | Gained mutation: You occasionally shout uncontrollably at
                  | your foes. [potion of mutation]
  7668 | D:8      | Gained mutation: Your natural rate of healing is unusually
                  | fast. [potion of mutation]
  7668 | D:8      | Gained mutation: You are robust. (+10% HP) [potion of
                  | mutation]
  7678 | D:8      | Killed Harold
  7678 | D:8      | Reached skill level 8 in Short Blades
  7678 | D:8      | Reached skill level 9 in Stealth
  7678 | D:8      | Reached XP level 10. HP: 43/68 MP: 5/15
  7770 | D:8      | Reached skill level 7 in Fighting
  7770 | D:8      | Reached skill level 8 in Dodging
  7780 | D:8      | Killed a two-headed ogre
  7780 | D:8      | Reached skill level 9 in Short Blades
  7780 | D:8      | Reached skill level 10 in Stealth
  7788 | D:8      | Noticed Erica
  7940 | D:8      | Reached skill level 9 in Fighting
  7940 | D:8      | Reached skill level 11 in Short Blades
  7940 | D:8      | Reached skill level 10 in Dodging
  7940 | D:8      | Reached XP level 11. HP: 55/81 MP: 16/16
  7950 | D:8      | Killed Erica
  7953 | D:8      | Reached skill level 11 in Dodging
  8113 | D:8      | Reached skill level 10 in Fighting
  8149 | D:8      | Noticed a two-headed ogre
  8186 | D:7      | Killed a two-headed ogre
  8186 | D:7      | Reached skill level 12 in Short Blades
  8397 | D:8      | Found a staircase to the Lair.
  8569 | D:8      | Found a stormy altar of Qazlal.
  8570 | D:8      | Identified the +2 leather armour "Jiucaof" {-Tele +Fly
                  | rElec rC-} (You bought it in a shop on level 4 of the
                  | Dungeon)
  8629 | Lair:1   | Entered Level 1 of the Lair of Beasts
  8885 | Lair:1   | Reached XP level 12. HP: 88/88 MP: 13/17
  8898 | Lair:1   | Reached skill level 1 in Fire Magic
  9014 | Lair:1   | Reached skill level 2 in Air Magic
  9014 | Lair:1   | Reached skill level 2 in Poison Magic
  9223 | Lair:1   | Reached skill level 2 in Summonings
  9223 | Lair:1   | Reached skill level 2 in Translocations
  9416 | Lair:2   | Reached *** piety under Ashenzari
  9477 | Lair:2   | Identified the +6 scale mail of Distant Shores {MP+9}
  9483 | Lair:2   | Reached skill level 4 in Conjurations
  9543 | Lair:2   | Reached skill level 2 in Fire Magic
  9549 | Lair:2   | Learned a level 3 spell: Regeneration
  9552 | Lair:2   | Learned a level 2 spell: Shroud of Golubria
  9715 | Lair:2   | Found a frozen archway.
  9732 | Lair:2   | Reached skill level 1 in Charms
  9732 | Lair:2   | Reached skill level 1 in Necromancy
  9744 | IceCv    | Entered an ice cave
  9850 | IceCv    | Reached skill level 2 in Necromancy
  9893 | IceCv    | Reached skill level 2 in Charms
  9927 | IceCv    | Reached skill level 3 in Necromancy
 10249 | IceCv    | Reached skill level 3 in Charms
 10327 | IceCv    | Reached skill level 4 in Necromancy
 10528 | IceCv    | Reached skill level 4 in Charms
 10542 | IceCv    | Noticed a frost giant
 10566 | IceCv    | Killed a frost giant
 10566 | IceCv    | Reached XP level 13. HP: 91/94 MP: 10/18
 10574 | IceCv    | Reached skill level 12 in Dodging
 10584 | IceCv    | Reached skill level 11 in Fighting
 11310 | Lair:2   | Found a runed translucent gate.
 11310 | Lair:2   | Found a runed translucent gate.
 11310 | Lair:2   | Found a runed translucent gate.
 11312 | Lair:2   | Found a viscous altar of Jiyva.
 11312 | Lair:2   | Noticed Ijustatesigmund's ghost (journeyman OgHu)
 11753 | Lair:3   | Identified the +8 flail of Pyromania {venom, Dex+2}
 11755 | Lair:3   | Found a radiant altar of Vehumet.
 11845 | Lair:3   | Found a staircase to the Snake Pit.
 11857 | Lair:3   | Reached **** piety under Ashenzari
 11999 | Lair:3   | Reached skill level 13 in Dodging
 12575 | Lair:3   | Noticed an eight-headed hydra
 12590 | Lair:3   | Killed an eight-headed hydra
 12590 | Lair:3   | Reached skill level 12 in Fighting
 12802 | Lair:3   | Noticed a six-headed hydra
 12802 | Lair:3   | Noticed a five-headed hydra
 12836 | Lair:3   | Killed a six-headed hydra
 13073 | Lair:3   | Killed a five-headed hydra
 13177 | Lair:3   | Found a staircase to the Swamp.
 13304 | Lair:4   | Noticed Urug
 13323 | Lair:4   | Noticed a six-headed hydra
 13335 | Lair:4   | Killed Urug
 13344 | Lair:4   | HP: 24/98 [six-headed hydra (14)]
 13344 | Lair:4   | HP: 8/98 [six-headed hydra (16)]
 13344 | Lair:4   | Slain by a six-headed hydra

Levels and vault maps discovered:
D:1:      saegor_arrival_simple_e, layout_basic, evilmike_ruin_ashenzari
D:2:      layout_basic, minivault_24, serial_bayou_lagoon_a
D:3:      layout_basic, chequers_temple_overflow_minitemple, first_ration,
          minmay_circle_x
D:4:      layout_basic, minmay_temple_entry_grid, serial_shops, shop_coins,
          shop, nicolae_shop_overgrown_old_shop, nicolae_shop_behind_doors,
          kennysheep_mini
D:5:      layout_loops_ring, minmay_shop_damaged, minmay_starry_boxes
D:6:      layout_loops_ring
D:7:      layout_loops_corners, nicolae_overflow_hidden_temple
D:8:      layout_rooms, lair_entry_dummy, hangedman_decor_growths,
          david_nohive_1, nicolae_qazlal_eye_of_the_storm, uniq_joseph,
          uniq_erica, uniq_harold
Lair:1:   layout_chaotic_city, grunt_megastairs_5
Lair:2:   layout_regular_city, portal_ice_cave_demonic_guard,
          gammafunk_ghost_ooze, kennysheep_abandoned_house
Lair:3:   layout_loops_ring, palyth_hydra_swamp_entry, dummy_snake_entry,
          lemuel_oklob_altar, serial_bayou_shore_b, lemuel_fruit_fields,
          serial_bayou_shore_b
Lair:4:   layout_loops_ring, gauntlet_entry_generic, gammafunk_ghost_ooze,
          uniq_sonja, uniq_urug

Skill      XL: |  1  2  3  4  5  6  7  8  9 10 11 12 13 |
---------------+----------------------------------------+-----
Conjurations   | 2 3 4 |  4.1
Stealth        | 3 4 5 7 9 10 | 10.1
Short Blades   | 1 3 4 6 8 11 12 | 12.1
Fighting       | 1 2 3 5 6 9 10 12 | 12.4
Air Magic      | 1 2 |  2.5
Poison Magic   | 1 2 |  2.6
Dodging        | 3 4 5 7 10 11 13 | 13.5
Fire Magic     | 2 |  2.1
Summonings     | 2 |  2.3
Translocations | 2 |  2.4
Charms         | 4 |  4.0
Necromancy     | 4 |  4.8
Spellcasting   | |  3.6

Action                   |  1- 3 |  4- 6 |  7- 9 | 10-12 | 13-15 || total
-------------------------+-------+-------+-------+-------+-------++-------
Melee: Unarmed           |     1 |       |       |       |       ||     1
       Dagger            |    14 |    46 |       |       |       ||    60
       Cutlass           |       |    58 |   200 |   527 |   206 ||   991
 Cast: Magic Dart        |    64 |    57 |       |       |       ||   121
       Call Imp          |     1 |     9 |     1 |     7 |       ||    18
       Mephitic Cloud    |       |     4 |     1 |     6 |       ||    11
       Conjure Flame     |       |       |       |     6 |     6 ||    12
       Shroud of Golubri |       |       |       |     8 |     6 ||    14
       Regeneration      |       |       |       |     8 |     5 ||    13
       Blink             |       |       |       |       |     1 ||     1
Invok: Curse Item        |       |     1 |     3 |       |       ||     4
Evoke: Wand              |       |     2 |       |    13 |     5 ||    20
       Phial of floods   |       |       |       |       |     1 ||     1
  Use: Scroll            |       |     3 |       |       |     3 ||     6
       Potion            |       |       |     3 |     8 |       ||    11
 Stab: Sleeping          |       |     6 |     5 |     7 |     9 ||    27
       Distracted        |       |       |     4 |     1 |       ||     5
       Confused          |       |       |       |     9 |       ||     9
  Eat: Chunk             |     8 |    12 |    10 |    11 |     5 ||    46
Armor: Robe              |     5 |    10 |    10 |       |       ||    25
       Leather armour    |       |       |       |    58 |    21 ||    79
       Skin              |       |       |       |    19 |       ||    19
Dodge: Dodged            |    22 |    83 |    94 |   267 |   111 ||   577

Table legend:
 A = Non-vault XP
 B = Vault XP
 C = Vault XP percentage of total XP
 D = Non-vault monster count
 E = Vault monster count
 F = Vault count percentage of total count
                 A         B        C        D         E       F
            +---------+---------+-------+---------+---------+-------
      Total |   14451 |   18554 |  56.2 |     185 |      93 |  33.5
            +---------+---------+-------+---------+---------+-------
        D:1 |      21 |       0 |   0.0 |      11 |       0 |   0.0
        D:2 |      79 |       0 |   0.0 |      25 |       0 |   0.0
        D:3 |      23 |      13 |  36.1 |      11 |       7 |  38.9
        D:4 |     283 |       0 |   0.0 |      20 |       0 |   0.0
        D:5 |     149 |      80 |  34.9 |      17 |       6 |  26.1
        D:6 |     256 |       0 |   0.0 |       8 |       0 |   0.0
        D:7 |    2525 |       0 |   0.0 |      28 |       0 |   0.0
        D:8 |    1898 |    3438 |  64.4 |      26 |      18 |  40.9
     Lair:1 |    2586 |     244 |   8.6 |      12 |       2 |  14.3
     Lair:2 |    2436 |    1183 |  32.7 |      12 |      16 |  57.1
     Lair:3 |    3844 |    3326 |  46.4 |      13 |       8 |  38.1
     Lair:4 |     351 |     757 |  68.3 |       2 |       1 |  33.3
      IceCv |       0 |    9513 | 100.0 |       0 |      35 | 100.0
            +---------+---------+-------+---------+---------+-------

Levels and vault maps discovered:
D:1:      saegor_arrival_simple_e, layout_basic, evilmike_ruin_ashenzari
D:2:      layout_basic, minivault_24, serial_bayou_lagoon_a
D:3:      layout_basic, chequers_temple_overflow_minitemple, first_ration,
          minmay_circle_x
D:4:      layout_basic, minmay_temple_entry_grid, serial_shops, shop_coins,
          shop, nicolae_shop_overgrown_old_shop, nicolae_shop_behind_doors,
          kennysheep_mini
D:5:      layout_loops_ring, minmay_shop_damaged, minmay_starry_boxes
D:6:      layout_loops_ring
D:7:      layout_loops_corners, nicolae_overflow_hidden_temple
D:8:      layout_rooms, lair_entry_dummy, hangedman_decor_growths,
          david_nohive_1, nicolae_qazlal_eye_of_the_storm, uniq_joseph,
          uniq_erica, uniq_harold
Lair:1:   layout_chaotic_city, grunt_megastairs_5
Lair:2:   layout_regular_city, portal_ice_cave_demonic_guard,
          gammafunk_ghost_ooze, kennysheep_abandoned_house
Lair:3:   layout_loops_ring, palyth_hydra_swamp_entry, dummy_snake_entry,
          lemuel_oklob_altar, serial_bayou_shore_b, lemuel_fruit_fields,
          serial_bayou_shore_b
Lair:4:   layout_loops_ring, gauntlet_entry_generic, gammafunk_ghost_ooze,
          uniq_sonja, uniq_urug

Table legend:
 A = Turns spent in this place as a percentage of turns spent in the entire game.
 B = Non-inter-level travel turns spent in this place as a percentage of non-inter-level travel turns spent in the entire game.
 C = Inter-level travel turns spent in this place as a percentage of turns spent in this place.
 D = Turns resting spent in this place as a percentage of non-inter-level travel turns spent in this place.
 E = Turns spent auto-exploring this place as a percentage of non-inter-level travel turns spent in this place.
 F = Non-inter-level travel turns spent in this place divided by the number of levels of this place that you've seen.
                   A       B       C       D       E      F
               +-------+-------+-------+-------+-------+----------------------
         Total | 100.0 | 100.0 |   6.8 |  25.4 |  49.9 | 957.1
       Dungeon |  66.7 |  65.9 |   7.8 |  29.8 |  52.0 | 1025.5
          Lair |  24.9 |  25.1 |   6.3 |  13.8 |  53.8 | 779.5
      Ice Cave |   8.4 |   9.0 |   0.0 |  25.9 |  23.6 | 1120.0
               +-------+-------+-------+-------+-------+----------------------

Table legend:
 A = Kills in this place as a percentage of kills in entire the game.
 B = Kills by you in this place as a percentage of kills by you in the entire game.
 C = Kills by friends in this place as a percentage of kills by friends in the entire game.
 D = Other kills in this place as a percentage of other kills in the entire game.
 E = Experience gained in this place as a percentage of experience gained in the entire game.
 F = Experience gained in this place divided by the number of levels of this place that you have seen.
                   A       B       C       D       E      F
               +-------+-------+-------+-------+-------+----------------------
         Total | 100.0 | 100.0 | 100.0 | 100.0 | 100.0 | 2538.8
       Dungeon |  63.7 |  63.0 | 100.0 |   0.0 |  26.6 | 1095.6
          Lair |  23.7 |  24.4 |   0.0 |   0.0 |  44.6 | 3681.8
      Ice Cave |  12.6 |  12.6 |   0.0 | 100.0 |  28.8 | 9513.0
               +-------+-------+-------+-------+-------+----------------------
